 Dungeon Crawl Stone Soup version 0.25-a0-661-g55ea3d2053 (webtiles) character file.

Game seed: 8728566437422374070, levelgen mode: deterministic

8584 MackTheKnife the Spear-Bearer (level 11, 0/89 HPs)
             Began as a Demonspawn Skald on Mar 23, 2020.
             Was a Priest of Ashenzari.
             Slain by Fannar
             ... wielding a +0 quarterstaff of freezing
              (2 damage)
             ... on level 10 of the Dungeon.
             The game lasted 00:26:27 (11921 turns).

MackTheKnife the Spear-Bearer (Demonspawn Skald)   Turns: 11921, Time: 00:26:27

Health: 0/89       AC: 13    Str: 12    XL:     11   Next: 11%
Magic:  13/14      EV: 16    Int: 16    God:    Ashenzari [***...]
Gold:   231        SH:  4    Dex: 14    Spells: 8/14 levels left

rFire    + . .     SeeInvis +   a - +1 glaive (curse)
rCold    . . .     Gourm    .   (shield currently unavailable)
rNeg     . . .     Faith    .   A - +0 steam dragon scales (curse)
rPois    +         Spirit   .   (no helmet)
rElec    .         Reflect  .   s - +2 cloak {rPois} (curse)
rCorr    .         Harm     .   w - +0 pair of gloves (curse)
MR       .....                  o - +2 pair of boots {Stlth+} (curse)
Stlth    ++........             (no amulet)
HPRegen  0.24/turn              f - ring of protection from fire {rF+, !d}
MPRegen  0.14/turn              (no ring)

@: no status effects
A: talons 1, large bone plates 1, powered by death 2
a: Curse Item, Scrying, Renounce Religion


You were on level 10 of the Dungeon.
You worshipped Ashenzari.
Ashenzari was most pleased with you.
You were full.

You visited 2 branches of the dungeon, and saw 11 of its levels.
You also visited: Ossuary.

You collected 543 gold pieces.
You spent 312 gold pieces at shops.

Inventory:

Hand Weapons
 a - a cursed +1 glaive (weapon)
   (You bought it in a shop on level 4 of the Dungeon)
 B - a +2 dagger of chaos
   (You took it off a crimson imp on level 9 of the Dungeon)
Missiles
 b - 2 throwing nets {=f, !d}
Armour
 h - a +0 crystal plate armour
   (You found it on level 6 of the Dungeon)
 o - a cursed +2 pair of boots of stealth (worn)
   (You found it on level 4 of the Dungeon)
 s - a cursed +2 cloak of poison resistance (worn)
   (You found it on level 9 of the Dungeon)
 w - a cursed +0 pair of gloves (worn)
   (You found it on level 8 of the Dungeon)
 y - a +2 pair of gloves
   (You found it on level 9 of the Dungeon)
 A - cursed +0 steam dragon scales (worn)
   (You took it off Maggie on level 6 of the Dungeon)
 D - the cursed +0 scale mail "Ymuneb" {+Blink rPois}
   (You found it on level 9 of the Dungeon)

   It protects you from poison.
   It lets you blink.
   It has a curse placed upon it.
Magical Staves
 i - an uncursed staff of wizardry {wiz+, !a}
   (You found it on level 2 of the Dungeon)
Jewellery
 f - a ring of protection from fire (left hand) {rF+, !d}
   (You took it off a goblin on level 1 of the Dungeon)
Wands
 n - a wand of iceblast (11)
   (You found it on level 5 of the Dungeon)
 u - a wand of paralysis (1)
   (You found it on level 5 of the Dungeon)
 v - a wand of flame (26)
   (You found it on level 6 of the Dungeon)
 C - a wand of acid (10)
   (You took it off a centaur on level 9 of the Dungeon)
Scrolls
 g - 2 scrolls of fear
 k - 4 scrolls of teleportation
 p - a scroll of fog
 x - a scroll of magic mapping {!r}
 z - 2 scrolls of amnesia
Potions
 c - a potion of brilliance {unknown}
 e - 4 potions of heal wounds
 j - 3 potions of curing
 l - 2 potions of flight {unknown}
 m - a potion of berserk rage {unknown}
 q - a potion of haste
 r - a potion of cancellation {unknown}
 t - a potion of mutation {unknown}
Comestibles
 d - 12 rations


   Skills:
 - Level 9.6 Fighting
 + Level 10.6(14.1) Polearms
 - Level 5.4 Armour
 + Level 5.5(7.4) Dodging
 - Level 2.0 Spellcasting
 - Level 2.3 Hexes
 - Level 3.6 Charms


You had 8 spell levels left.
You knew the following spells:

 Your Spells              Type           Power        Failure   Level  Hunger
a - Infusion              Chrm           ##..         4%          1    #......
z - Spectral Weapon       Hex/Chrm       ##......     19%         3    ###....
S - Song of Slaying       Chrm           ##......     7%          2    ###....

Your spell library contained the following spells:

 Spells                   Type           Power        Failure   Level  Hunger
 Slow                     Hex            #.......     12%         2    ###....
 Shroud of Golubria       Chrm/Tloc      #.....       16%         2    ###....
 Foxfire                  Conj/Fire      #...         21%         1    #......
 Freeze                   Ice            #...         21%         1    #......
 Magic Dart               Conj           #...         21%         1    #......
 Blink                    Tloc           N/A          30%         2    ###....
 Call Imp                 Summ           #.......     30%         2    ###....
 Ozocubu's Armour         Chrm/Ice       #.......     30%         3    ###....
 Inner Flame              Hex/Fire       #.......     36%         3    ###....
 Conjure Flame            Conj/Fire      #.......     52%         3    ###....
 Frozen Ramparts          Ice            #.....       52%         3    ###....
 Mephitic Cloud           Conj/Pois/Air  #.......     52%         3    ###....
 Hailstorm                Conj/Ice       #.......     90%         4    #####..
 Sticky Flame             Conj/Fire      #.......     90%         4    #####..
 Summon Ice Beast         Ice/Summ       #.......     90%         4    #####..
 Fireball                 Conj/Fire      #.........   99%         5    ######.


Dungeon Overview and Level Annotations

Branches:
Dungeon (10/15)            Temple (1/1) D:4            Lair (0/6) D:9
Ossuary (visited)
    Orc: D:9-12

Altars:
Ashenzari
Dithmenos
Elyvilon
Fedhas
Gozag
Hepliaklqana
Kikubaaqudgha
Makhleb
Nemelex Xobeh
Qazlal
Ru
Sif Muna
Trog
Vehumet
Wu Jian
Xom
Zin
The Shining One

Shops:
D:4 (   D:7 ?[[!?   D:9 }

Annotations:
D:10 Fannar


Innate Abilities, Weirdness & Mutations

You have sharp toenails.
You are partially covered in large bone plates. (SH +4)
You regenerate health from kills.


Message History

The helpless worker ant zombie fails to defend itself.
You slice the worker ant zombie!! You slash the worker ant zombie!
You destroy the worker ant zombie!
The ice beast closely misses you.
You slice the ice beast!!
You hear a croak.
You block the ice beast's attack.
You hear a shout!
Unknown command.
You slash the ice beast!
You kill the ice beast!
You slash the howler monkey skeleton!
A bullfrog comes into view.
You block the howler monkey skeleton's attack.
The bullfrog gives a loud, deep croak!
You hit the howler monkey skeleton.
You hear a shout!
Fannar the Cold-Hearted comes into view.
They are wielding a +0 quarterstaff of freezing and wearing a +2 robe of cold resistance.
The howler monkey skeleton hits you but does no damage.
There is an open door here.
The bullfrog closely misses you.
You slice the bullfrog!! The bullfrog barely misses you.
You slice the bullfrog!!
You kill the bullfrog!
Attack whom?
Aim: a howler monkey skeleton (heavily damaged)
You reach to attack!
You slash the howler monkey skeleton!
You destroy the howler monkey skeleton!
No target in view!
No target in view!
No target in view!
You draw out your weapon's spirit!
You now have 11/14 mp.
Attack whom?
Aim: Fannar, wielding a +0 quarterstaff of freezing, wearing a +2 robe of cold resistance and wearing an uncursed ring of ice (covered in an icy film)
You reach to attack!
You hit Fannar but do no damage.
Your spectral weapon hits Fannar but does no damage.
You hit Fannar.
Your spectral weapon barely misses Fannar.
Fannar mumbles some strange words.
You hit Fannar but do no damage.
Your spectral weapon hits Fannar!
Fannar casts a spell.
Fannar drains the heat from the surrounding environment!
You feel very cold.
Your spectral weapon and Fannar are frozen.
Your spectral weapon resists.
Your spectral weapon shares its damage with you!
Fannar resists.
You closely miss Fannar.
Your spectral weapon hits Fannar.
Fannar mumbles some strange words.
You closely miss Fannar.
Your spectral weapon misses Fannar.
Fannar hits you with a +0 quarterstaff of freezing.
Fannar freezes you.
You take 14 damage, and have 75/89 hp.
Unknown command.
You miss Fannar.
Your spectral weapon closely misses Fannar.
You block Fannar's attack.
You regained 2 hp, and now have 77/89 hp.
You slash Fannar!
Your spectral weapon hits Fannar!
Fannar hits you but does no damage.
You regained 2 hp, and now have 79/89 hp.
You hit Fannar but do no damage.
Your spectral weapon hits Fannar.
Fannar hits you but does no damage.
You slash Fannar!
Your spectral weapon completely misses Fannar.
Fannar casts a spell.
You closely miss Fannar.
Your spectral weapon completely misses Fannar.
Fannar hits you but does no damage. The ice beast barely misses you.
You slice Fannar!!
Your spectral weapon hits Fannar but does no damage.
Fannar points at you and mumbles some strange words.
The bolt of cold hits you!! The ice beast completely misses you.
You take 34 damage, and have 48/89 hp.
MASSIVE DAMAGE!!
You closely miss Fannar.
Your spectral weapon hits Fannar but does no damage.
Fannar points at you and mumbles some strange words.
The bolt of cold hits you!!
* * * LOW HITPOINT WARNING * * *
The ice beast hits you but does no damage.
You take 31 damage, and have 17/89 hp.
MASSIVE DAMAGE!!
You slash Fannar!
Your spectral weapon closely misses Fannar.
Fannar mumbles some strange words.
Fannar blinks!
The ice beast hits you.
* * * LOW HITPOINT WARNING * * *
The ice beast freezes you!
* * * LOW HITPOINT WARNING * * *
You take 10 damage, and have 7/89 hp.
Unknown command.
You miss Fannar.
Your spectral weapon closely misses Fannar.
Fannar hits you with a +0 quarterstaff of freezing.
* * * LOW HITPOINT WARNING * * *
Fannar freezes you.
You die...

,≈..∩.≈ , * * *
≈≈...F., ≈≈≈..≈. * #
≈...≈≈. .# ≈..≈≈..#+##
#####.## ,≈..≈.≈≈...###
#......#
≈≈≈≈..≈.F.'.###......##
..........#Z.##Y.......
*
≈≈.≈≈.....##.##@.....##
,
#.≈.......##.Ye(.....#
* ,
##≈.......#####<.....#
##.......# #......#
#...$...# #......#
######### ########


You could see Fannar, 2 ice beasts and a friendly spectral +1 glaive.

Vanquished Creatures
  A two-headed ogre (D:8)
  A wolf spider zombie (D:10)
  Maggie (D:6)
  Prince Ribbit (D:8)
  3 hippogriffs (D:8)
  A basilisk (D:9)
  Menkaure (D:5)
  Edmund (D:5)
  2 acid dragons (D:9)
  3 water moccasins
  Duvessa (D:7)
  3 porcupines (D:9)
  2 phantoms
  A black bear (D:8)
  3 ice beasts
  3 sky beasts
  An eye of draining (D:8)
  2 crocodiles (D:9)
  5 wolves (D:9)
  4 ogres
  7 centaurs
  9 bullfrogs
  Dowan (D:7)
  3 water moccasin zombies (Ossuary)
  4 scorpions
  6 killer bees
  3 electric eels (D:9)
  2 howler monkeys (D:9)
  4 crimson imps
  A quasit (D:6)
  A bullfrog zombie (D:5)
  4 hounds
  5 jellies
  A centaur skeleton (D:9)
  4 orc priests
  A bullfrog skeleton (D:4)
  5 orc wizards
  Natasha (thrice) (D:3)
  6 worker ants
  4 big kobold zombies (Ossuary)
  A hound zombie (D:9)
  2 mummies (Ossuary)
  A worker ant zombie (D:10)
  3 gnolls
  A howler monkey skeleton (D:10)
  14 adders
  3 shadow imps (D:8)
  3 adder skeletons
  6 adder zombies (Ossuary)
  A worm (D:4)
  A dart slug (D:1)
  6 leopard geckos
  31 orcs
  6 ball pythons
  7 bats
  3 giant cockroaches
  3 gnoll zombies (Ossuary)
  9 goblins
  7 hobgoblins
  19 jackals
  4 kobolds
  3 quokkas
  2 frilled lizards
  A goblin skeleton (D:6)
  2 goblin zombies (D:6)
  12 hobgoblin zombies
  A kobold skeleton (D:6)
  8 kobold zombies
  A leopard gecko skeleton (D:5)
  2 orc skeletons (D:6)
  8 orc zombies
  A quokka zombie (D:9)
  10 rats
296 creatures vanquished.

Vanquished Creatures (others)
  A jackal (D:9)
  3 spectral weapons
4 creatures vanquished.

Grand Total: 300 creatures vanquished

Notes
Turn   | Place    | Note
-------+----------+-------------------------------------------
     0 | D:1      | MackTheKnife the Demonspawn Skald began the quest for the
                  | Orb.
     0 | D:1      | Reached XP level 1. HP: 16/16 MP: 3/3
   122 | D:1      | Reached skill level 2 in Polearms
   268 | D:1      | Gained mutation: You regenerate a little health from kills.
                  | [demonic ancestry]
   268 | D:1      | Reached XP level 2. HP: 22/22 MP: 5/5
   427 | D:1      | Reached skill level 3 in Polearms
   596 | D:1      | Found a sparkling altar of Nemelex Xobeh.
   709 | D:1      | Gained mutation: You have sharp toenails. [demonic
                  | ancestry]
   709 | D:1      | Reached XP level 3. HP: 23/27 MP: 6/6
  1076 | D:2      | Learned a level 3 spell: Spectral Weapon
  1206 | D:2      | HP: 4/27 [adder (5)]
  1208 | D:2      | HP: 1/27 [adder (1)]
  1424 | D:2      | Reached XP level 4. HP: 24/33 MP: 2/7
  1659 | D:2      | Reached skill level 4 in Polearms
  2511 | D:3      | Gained mutation: You are partially covered in large bone
                  | plates. (SH +4) [demonic ancestry]
  2511 | D:3      | Reached XP level 5. HP: 38/38 MP: 1/8
  2544 | D:2      | Reached skill level 5 in Polearms
  2645 | D:3      | Noticed Natasha
  2647 | D:3      | p0werm0de: https://www.youtube.com/watch?v=lcc-l3YGmzw
  2652 | D:3      | p0werm0de: !quitmeem
  2652 | D:3      | meem: User p0werm0de is already unsubscribed
  2652 | D:3      | MackTheKnife: heyo
  2652 | D:3      | p0werm0de: y0y0
  2658 | D:3      | p0werm0de: one last game before apocalypsEE
  2658 | D:3      | MackTheKnife: :D
  2658 | D:3      | MackTheKnife: yep. your line of work hit hard?
  2671 | D:3      | Killed Natasha
  2673 | D:3      | p0werm0de: need new work
  2682 | D:3      | p0werm0de: im flexible doin any bs
  2690 | D:3      | p0werm0de: where you at again scandi?
  2690 | D:3      | MackTheKnife: cash is cash
  2690 | D:3      | MackTheKnife: yeah swe
  2690 | D:3      | p0werm0de: kk
  2845 | D:2      | MackTheKnife: no quarantine yet, but senior high schools
                  | (where I work) have switched to distance edu
  2847 | D:3      | p0werm0de: yea i know whatsup in swe
  2864 | D:2      | p0werm0de: pretty ok for now
  3050 | D:2      | MackTheKnife: yep yep
  3050 | D:2      | MackTheKnife: where you at?
  3079 | D:2      | p0werm0de: germany south of hannovre
  3079 | D:2      | MackTheKnife: ahh
  3093 | D:2      | p0werm0de: we dont have many cases locally either
  3094 | D:2      | Reached XP level 6. HP: 37/44 MP: 6/9
  3312 | D:3      | p0werm0de: but might grow
  3312 | D:3      | MackTheKnife: ya never know
  3330 | D:3      | Noticed Natasha
  3339 | D:3      | p0werm0de: just good i live in a rather small town (140k)
  3339 | D:3      | Killed Natasha
  3339 | D:3      | Reached skill level 1 in Hexes
  3339 | D:3      | Reached skill level 3 in Charms
  3454 | D:3      | Noticed Natasha
  3462 | D:3      | Killed Natasha
  3463 | D:3      | p0werm0de: did ya see new hiscore?
  3588 | D:3      | p0werm0de: !hs * -log
  3604 | D:3      | p0werm0de: sapher just last week
  3604 | D:3      | MackTheKnife: ha, nice
  3604 | D:3      | p0werm0de: 93m
  3604 | D:3      | MackTheKnife: not really keeping up with soup
  3604 | D:3      | MackTheKnife: but thats sick
  3604 | D:3      | p0werm0de: ye k
  3604 | D:3      | MackTheKnife: youre more of a high score kinda dude than me
                  | ;)
  3623 | D:4      | Found a staircase to the Ecumenical Temple.
  3644 | Temple   | Entered the Ecumenical Temple
  3645 | Temple   | p0werm0de: i have the realtime one still
  3658 | Temple   | meem: 11646263. Sapher, XL27 GnNe, T:15205:
                  | https://underhound.eu/crawl/morgue/Sapher/morgue-Sapher-202
                  | 00318-183621.txt
  3658 | Temple   | p0werm0de: https://www.youtube.com/watch?v=T7Tr3E0hGPA
  3658 | Temple   | beem: 11646266. Sapher, XL27 GnNe, T:15205:
                  | https://underhound.eu/crawl/morgue/Sapher/morgue-Sapher-202
                  | 00318-183621.txt
  3658 | Temple   | p0werm0de: 21:31 min for win
  3658 | Temple   | MackTheKnife: wow
  3722 | Temple   | Became a worshipper of Ashenzari the Shackled
  3723 | Temple   | p0werm0de: anyway enjoy, i also dont play much recently :P
  3801 | D:4      | Found Dat Dekk's Antique Weapon Emporium.
  3810 | D:4      | MackTheKnife: :)
  3955 | D:4      | Reached skill level 2 in Hexes
  4295 | D:5      | Entered Level 5 of the Dungeon
  4374 | D:5      | Reached skill level 6 in Polearms
  4374 | D:5      | Reached XP level 7. HP: 30/51 MP: 6/10
  4384 | D:5      | HP: 11/51 [centaur (3)]
  4386 | D:5      | HP: 4/51 [centaur (2)]
  4390 | D:5      | Reached skill level 3 in Fighting
  4622 | D:5      | Found a sand-covered staircase.
  4631 | Ossuary  | Entered an ossuary
  4942 | Ossuary  | Reached skill level 4 in Fighting
  5147 | D:4      | Bought a glaive for 136 gold pieces
  5213 | D:5      | Found an opulent altar of Gozag.
  5307 | D:5      | Noticed Menkaure
  5310 | D:5      | Killed Menkaure
  5310 | D:5      | Reached skill level 7 in Polearms
  5310 | D:5      | Reached XP level 8. HP: 33/61 MP: 7/11
  5808 | D:5      | Noticed Edmund
  5847 | D:5      | Killed Edmund
  5847 | D:5      | Reached skill level 8 in Polearms
  6262 | D:5      | Learned a level 2 spell: Song of Slaying
  6271 | D:6      | Reached * piety under Ashenzari
  6357 | D:6      | Found a burning altar of Makhleb.
  6385 | D:6      | Found a glowing golden altar of the Shining One.
  6519 | D:6      | Reached skill level 9 in Polearms
  6709 | D:6      | Gained mutation: You regenerate health from kills. [demonic
                  | ancestry]
  6709 | D:6      | Reached XP level 9. HP: 63/67 MP: 12/12
  7103 | D:7      | Noticed Maggie
  7114 | D:6      | HP: 8/67 [Maggie/+0 morningstar (10)]
  7117 | D:6      | Killed Maggie
  7117 | D:6      | Reached skill level 10 in Polearms
  7725 | D:7      | Found an ornate altar of the Wu Jian Council.
  7725 | D:7      | Reached ** piety under Ashenzari
  7757 | D:7      | Noticed Dowan
  7844 | D:7      | Got the cursed scale mail of Wu Jian's Reproof {rC+ Dex+3
                  | SInv}
  7867 | D:7      | Found Ehete's Antique Armour Emporium.
  7871 | D:7      | Found Boesocy's Distillery.
  7871 | D:7      | Found Asoeff's Armour Emporium.
  7872 | D:7      | Found Juone's Magic Scroll Emporium.
  8190 | D:7      | Found Gofimmek's Magic Scroll Boutique.
  8199 | D:7      | Bought a scroll of remove curse for 33 gold pieces
  8200 | D:7      | Bought a scroll of remove curse for 33 gold pieces
  8201 | D:7      | Bought a scroll of remove curse for 33 gold pieces
  8252 | D:7      | Noticed Duvessa
  8278 | D:7      | Reached skill level 5 in Fighting
  8278 | D:7      | Reached skill level 2 in Dodging
  8285 | D:7      | Killed Duvessa
  8302 | D:7      | Killed Dowan
  8448 | D:6      | Reached skill level 3 in Dodging
  8465 | D:6      | Identified the cursed +1 scale mail of Wu Jian's Reproof
                  | {rC+ Dex+3 SInv} (You found it on level 7 of the Dungeon)
  8650 | D:7      | Bought a scroll of identify for 22 gold pieces
  8654 | D:7      | Bought a potion of heal wounds for 55 gold pieces
  8938 | D:8      | Reached skill level 6 in Fighting
  9014 | D:8      | Noticed Prince Ribbit
  9016 | D:8      | Reached skill level 4 in Dodging
  9019 | D:8      | Killed Prince Ribbit
  9083 | D:8      | Reached XP level 10. HP: 64/77 MP: 13/13
  9313 | D:8      | Noticed a two-headed ogre
  9334 | D:8      | Killed a two-headed ogre
  9334 | D:8      | Reached skill level 7 in Fighting
  9334 | D:8      | Reached skill level 5 in Dodging
  9644 | D:8      | Reached skill level 1 in Armour
  9979 | D:8      | Reached skill level 2 in Armour
 10035 | D:8      | Reached skill level 8 in Fighting
 10292 | D:9      | Found Efuyliv's Gadget Shoppe.
 10303 | D:9      | Reached skill level 3 in Armour
 10339 | D:9      | Reached skill level 4 in Armour
 10364 | D:9      | Found a staircase to the Lair.
 10505 | D:9      | Reached skill level 9 in Fighting
 10559 | D:9      | Found a shimmering altar of Xom.
 10559 | D:9      | Found a burning altar of Makhleb.
 10782 | D:9      | Found a radiant altar of Vehumet.
 11027 | D:9      | Found a transporter.
 11028 | D:9      | Identified the cursed +0 scale mail "Ymuneb" {+Blink rPois}
 11176 | D:9      | Reached *** piety under Ashenzari
 11326 | D:9      | Found a transporter.
 11601 | D:9      | Reached skill level 5 in Armour
 11601 | D:9      | Reached XP level 11. HP: 57/89 MP: 14/14
 11658 | D:10     | Entered Level 10 of the Dungeon
 11893 | D:10     | Noticed Fannar
 11919 | D:10     | HP: 17/89 [Fannar/bolt of cold (31)]
 11920 | D:10     | HP: 7/89 [ice beast[Fannar] (8)]
 11921 | D:10     | HP: 2/89 [Fannar/+0 quarterstaff of freezing (6)]
 11921 | D:10     | Slain by Fannar

Levels and vault maps discovered:
D:1:      mrwooster_arrival_statue_2, layout_loops_ring,
          nemelex_diamond_rough_becter
D:2:      layout_basic
D:3:      layout_rooms, uniq_natasha
D:4:      layout_cave_pools, nicolae_overflow_hidden_temple,
          minmay_temple_entry_mini_moons, serial_shops, nicolae_shop_trees
D:5:      layout_loops_ring, nicolae_ossuary_entry_ruins, basic_altar,
          first_ration, uniq_edmund, uniq_menkaure
D:6:      minmay_chambers_of_fours, layout_basic, nicolae_tso_besieged_by_evil,
          makhleb_heckhound_becter
D:7:      layout_rooms, old_standard_altar, serial_shops, shop_fountains,
          serial_rivers, chequers_serial_rivers_room_a,
          chequers_serial_rivers_marsh, chequers_serial_rivers_micro_c,
          chequers_serial_rivers_large_a, chequers_serial_rivers_small_a,
          chequers_serial_rivers_room_a, minmay_shop_grid_forest, uniq_duvessa,
          uniq_maggie
D:8:      layout_basic, grunt_ogre_cave, minmay_quadrilaterals,
          uniq_prince_ribbit1
D:9:      gammafunk_cloud_chamber, layout_basic,
          grunt_temple_overflow_champion_of_chaos, vehumet_crystals,
          minmay_lair_entry_grove, serial_shops, shop, serial_bayou_lagoon_b
D:10:     layout_roguey, serial_ice, serial_ice_a, serial_ice_f, serial_ice_d,
          serial_ice_h, serial_ice_b, serial_ice_j, serial_ice_e, serial_ice_n,
          minivault_14, uniq_fannar
Temple:   nicolae_temple_hex_pool

Skill      XL: |  1  2  3  4  5  6  7  8  9 10 |
---------------+-------------------------------+-----
Polearms       | 2 3 4 5 6 7 9 10 | 10.6
Hexes          | 2 |  2.3
Charms         | 3 |  3.6
Fighting       | 4 6 9 |  9.6
Dodging        | 4 5 |  5.5
Armour         | 5 |  5.4
Spellcasting   | |  2.0

Action                   |  1- 3 |  4- 6 |  7- 9 | 10-12 || total
-------------------------+-------+-------+-------+-------++-------
Melee: Spear             |   133 |   322 |   234 |       ||   689
       Kick              |     4 |    35 |       |       ||    39
       Glaive            |       |       |   289 |   250 ||   539
 Cast: Infusion          |     5 |     6 |       |       ||    11
       Spectral Weapon   |       |    11 |    23 |     7 ||    41
Invok: Curse Item        |       |       |     3 |     2 ||     5
Evoke: Wand              |       |       |    13 |     4 ||    17
  Use: Potion            |     1 |       |     6 |     5 ||    12
       Scroll            |       |     6 |     8 |     3 ||    17
 Stab: Sleeping          |       |     2 |    10 |     5 ||    17
       Distracted        |       |     2 |     1 |     1 ||     4
       Invisible         |       |       |     1 |       ||     1
       Paralysed         |       |       |     6 |       ||     6
  Eat: Chunk             |     2 |    11 |    11 |     7 ||    31
       Ration            |       |       |     3 |     2 ||     5
Armor: Leather armour    |    29 |    70 |    97 |       ||   196
       Ring mail         |       |       |    14 |       ||    14
       Skin              |       |       |    12 |       ||    12
       Steam dragon scal |       |       |    10 |    55 ||    65
Dodge: Dodged            |    70 |   153 |   216 |   137 ||   576
Block: Other             |       |    29 |    75 |    40 ||   144

Table legend:
 A = Non-vault XP
 B = Vault XP
 C = Vault XP percentage of total XP
 D = Non-vault monster count
 E = Vault monster count
 F = Vault count percentage of total count
                 A         B        C        D         E       F
            +---------+---------+-------+---------+---------+-------
      Total |    7760 |    4504 |  36.7 |     205 |      91 |  30.7
            +---------+---------+-------+---------+---------+-------
        D:1 |      48 |       0 |   0.0 |      24 |       0 |   0.0
        D:2 |     220 |       0 |   0.0 |      36 |       0 |   0.0
        D:3 |     224 |      35 |  13.5 |      24 |       1 |   4.0
        D:4 |     138 |       0 |   0.0 |      17 |       0 |   0.0
        D:5 |     571 |     335 |  37.0 |      19 |       2 |   9.5
        D:6 |     963 |     648 |  40.2 |      22 |      22 |  50.0
        D:7 |     702 |     216 |  23.5 |      13 |       2 |  13.3
        D:8 |    2671 |     693 |  20.6 |      20 |       7 |  25.9
        D:9 |    1351 |    2027 |  60.0 |      25 |      19 |  43.2
       D:10 |     872 |     127 |  12.7 |       5 |       1 |  16.7
    Ossuary |       0 |     423 | 100.0 |       0 |      37 | 100.0
            +---------+---------+-------+---------+---------+-------

Levels and vault maps discovered:
D:1:      mrwooster_arrival_statue_2, layout_loops_ring,
          nemelex_diamond_rough_becter
D:2:      layout_basic
D:3:      layout_rooms, uniq_natasha
D:4:      layout_cave_pools, nicolae_overflow_hidden_temple,
          minmay_temple_entry_mini_moons, serial_shops, nicolae_shop_trees
D:5:      layout_loops_ring, nicolae_ossuary_entry_ruins, basic_altar,
          first_ration, uniq_edmund, uniq_menkaure
D:6:      minmay_chambers_of_fours, layout_basic, nicolae_tso_besieged_by_evil,
          makhleb_heckhound_becter
D:7:      layout_rooms, old_standard_altar, serial_shops, shop_fountains,
          serial_rivers, chequers_serial_rivers_room_a,
          chequers_serial_rivers_marsh, chequers_serial_rivers_micro_c,
          chequers_serial_rivers_large_a, chequers_serial_rivers_small_a,
          chequers_serial_rivers_room_a, minmay_shop_grid_forest, uniq_duvessa,
          uniq_maggie
D:8:      layout_basic, grunt_ogre_cave, minmay_quadrilaterals,
          uniq_prince_ribbit1
D:9:      gammafunk_cloud_chamber, layout_basic,
          grunt_temple_overflow_champion_of_chaos, vehumet_crystals,
          minmay_lair_entry_grove, serial_shops, shop, serial_bayou_lagoon_b
D:10:     layout_roguey, serial_ice, serial_ice_a, serial_ice_f, serial_ice_d,
          serial_ice_h, serial_ice_b, serial_ice_j, serial_ice_e, serial_ice_n,
          minivault_14, uniq_fannar
Temple:   nicolae_temple_hex_pool

Table legend:
 A = Turns spent in this place as a percentage of turns spent in the entire game.
 B = Non-inter-level travel turns spent in this place as a percentage of non-inter-level travel turns spent in the entire game.
 C = Inter-level travel turns spent in this place as a percentage of turns spent in this place.
 D = Turns resting spent in this place as a percentage of non-inter-level travel turns spent in this place.
 E = Turns spent auto-exploring this place as a percentage of non-inter-level travel turns spent in this place.
 F = Non-inter-level travel turns spent in this place divided by the number of levels of this place that you've seen.
                   A       B       C       D       E      F
               +-------+-------+-------+-------+-------+----------------------
         Total | 100.0 | 100.0 |   5.1 |  37.4 |  39.1 | 942.5
       Dungeon |  95.6 |  95.5 |   5.2 |  38.2 |  40.6 | 1079.9
        Temple |   0.7 |   0.6 |  21.3 |   0.0 |  28.6 |  70.0
       Ossuary |   3.7 |   3.9 |   0.0 |  24.5 |   6.3 | 441.0
               +-------+-------+-------+-------+-------+----------------------

Table legend:
 A = Kills in this place as a percentage of kills in entire the game.
 B = Kills by you in this place as a percentage of kills by you in the entire game.
 C = Kills by friends in this place as a percentage of kills by friends in the entire game.
 D = Other kills in this place as a percentage of other kills in the entire game.
 E = Experience gained in this place as a percentage of experience gained in the entire game.
 F = Experience gained in this place divided by the number of levels of this place that you have seen.
                   A       B       C       D       E      F
               +-------+-------+-------+-------+-------+----------------------
         Total | 100.0 | 100.0 |   N/A |   N/A | 100.0 | 1022.0
       Dungeon |  87.5 |  87.5 |   N/A |   N/A |  96.6 | 1184.1
       Ossuary |  12.5 |  12.5 |   N/A |   N/A |   3.4 | 423.0
               +-------+-------+-------+-------+-------+----------------------
